 Dungeon Crawl Stone Soup version 0.30-a0-709-gcdc1b43e22 (webtiles) character file.

Game seed: 1033423008939501154

25 M4edhros the Charlatan (level 3, 0/23 HPs)
             Began as an Octopode Artificer on Jan 22, 2023.
             Slain by an orc
             ... wielding a +0 flail
              (8 damage)
             ... on level 3 of the Dungeon.
             The game lasted 00:00:29 (452 turns).

M4edhros the Charlatan (Octopode Artificer)          Turns: 452, Time: 00:00:30

Health: 0/23       AC:  1    Str: 11    XL:     3   Next: 4%
Magic:  3/3        EV: 13    Int: 13    God:
Gold:   27         SH:  0    Dex: 14    Spells: 2/2 levels left

rFire   . . .      SeeInvis .      - Unarmed
rCold   . . .      Faith    .    (no shield)
rNeg    . . .      Spirit   .    (helmet restricted)
rPois   .          Reflect  .    (no amulet)
rElec   .          Harm     .    (no ring)
rCorr   .          Rampage  .    (no ring)
Will    .....                    (no ring)
Stlth   +++                      (no ring)
HPRegen 0.23/turn                (no ring)
MPRegen 0.08/turn                (no ring)
                                 (no ring)
                                 (no ring)

@: no status effects
A: almost no armour, amphibious, 8 rings, camouflage 1, gelatinous body 1,
(nimble swimmer 1), tentacles
a: no special abilities


You were on level 3 of the Dungeon.
You visited 1 branch of the dungeon, and saw 3 of its levels.

You collected 27 gold pieces.

Inventory:

Magical Staves
 g - a staff of fire
Wands
 b - a wand of flame (15) (quivered)
 c - a wand of charming (15)
 d - a wand of iceblast (5)
 j - a wand of paralysis (2)
Scrolls
 a - a scroll of fear {unknown}
 e - 2 scrolls of identify {unknown}
Potions
 f - a potion of might {unknown}
 h - a potion of mutation {unknown}
 i - 2 potions of degeneration {unknown}


   Skills:
 - Level 1.0 Fighting
 - Level 2.3 Dodging
 - Level 1.3 Stealth
 + Level 2.5 Unarmed Combat
 - Level 3.2 Evocations


You had 2 spell levels left.
You didn't know any spells.
Your spell library was empty.

Dungeon Overview and Level Annotations

Branches:
Dungeon (3/15)

Altars:


Innate Abilities, Weirdness & Mutations

You cannot wear most types of armour.
You are amphibious.
You can wear up to eight rings at the same time.
Your skin changes colour to match your surroundings (Stealth+).
Your rubbery body absorbs attacks. (AC +1, EV +1)
((You are camouflaged when in or above water. (Stealth+)))
You have tentacles for arms and can constrict up to eight enemies at once.


Message History

A kobold is nearby!
You barely miss the kobold. You constrict the kobold.
A kobold is nearby!
You completely miss the kobold.
The kobold is heavily wounded.
You constrict the kobold.
You kill the kobold!
You now have 27 gold pieces (gained 9).
Key pressed, stopping explore.
No target in view!
An orc comes into view. It is wielding a +0 club.
An orc is nearby!
An orc is nearby!
An orc is nearby!
Found an escape hatch in the ceiling.
The orc shouts!
You hear a shout!
An orc comes into view. It is wielding a +0 flail.
The orc hits you with a +0 club. The orc hits you with a +0 club.
You completely miss the orc. Your grab misses the orc.
The orc barely misses you.
There are monsters nearby!
You tentacle-slap the orc. Your grab misses the orc.
The orc is moderately wounded.
The orc hits you with a +0 club.
There are monsters nearby!
You are too injured to fight recklessly!
You are too injured to fight recklessly!
You tentacle-slap the orc.
You kill the orc!
You have reached level 3!
Your experience leads to an increase in your attributes!
Increase (S)trength, (I)ntelligence, or (D)exterity?
You feel agile. x2
The orc hits you with a +0 flail.
You are too injured to fight recklessly!
You closely miss the orc. You grab the orc. Your squeeze misses the orc.
You constrict the orc, but do no damage.
The orc hits you with a +0 flail!
You die...

..#.#. .<....
#....#+######.
.............
#...........
+...........
#...........
+.).@o......
#.#...........
#.#...........
#......####...
#..###.# ..
###...##.# .
.....##.#
#.#.#.##.###
#.#........#


You could see an orc.

Vanquished Creatures
  An adder (D:2)
  An orc (D:3)
  3 ball pythons (D:1)
  An endoplasm (D:2)
  A giant cockroach (D:1)
  A goblin (D:2)
  2 hobgoblins
  A kobold (D:3)
  A quokka (D:1)
  A frilled lizard (D:2)
13 creatures vanquished.

Notes
Turn   | Place    | Note
-------+----------+-------------------------------------------
     0 | D:1      | M4edhros the Octopode Artificer began the quest for the
                  | Orb.
     0 | D:1      | Reached XP level 1. HP: 13/13 MP: 1/1
    23 | D:1      | Reached skill level 1 in Unarmed Combat
   110 | D:1      | Reached XP level 2. HP: 18/18 MP: 2/2
   451 | D:3      | Reached XP level 3. HP: 11/23 MP: 3/3
   452 | D:3      | Slain by an orc

Illustrated notes

Levels and vault maps discovered:
D:1:      psy_arrival_whirlpool, layout_rooms, serial_forest,
          infiniplex_forest_clump_small, infiniplex_forest_end_3,
          infiniplex_forest_zigzag_1, infiniplex_forest_zigzag_2,
          infiniplex_forest_zigzag_1, infiniplex_forest_lined_corner,
          infiniplex_forest_lined_3, infiniplex_forest_zigzag_1,
          infiniplex_forest_lined_corner, ebering_ecumenical_altar_abandoned
D:2:      layout_basic
D:3:      layout_basic, general_overflow_altar, lemuel_coloured_pillars_altar

Skill      XL: |  1  2 |
---------------+-------+-----
Unarmed Combat | 1 2 |  2.5
Fighting       | |  1.0
Dodging        | |  2.3
Stealth        | |  1.3
Evocations     | |  3.2

Action                     || total
---------------------------++-------
  Melee: Unarmed           ||    31
         Constrict         ||     9
         Tentacles         ||     6
         Punch             ||     2
   Stab: Sleeping          ||     2
  Dodge: Dodged            ||    11

Table legend: (Time is in decaauts)
 A = Elapsed time spent in this place.
 B = Non-inter-level travel time spent in this place.
 C = Inter-level travel time spent in this place.
 D = Time resting spent in this place.
 E = Time spent auto-exploring this place.
 F = Levels seen in this place.
 G = Mean time per level.
                   A        B        C        D        E       F      G
               +--------+--------+--------+--------+--------+-----+--------+
         Total |    450 |    422 |     28 |      0 |    316 |   3 |  150.0 |
       Dungeon |    450 |    422 |     28 |      0 |    316 |   3 |  150.0 |
               +--------+--------+--------+--------+--------+-----+--------+

Top non-repeatable levels by time:
     D:2: 308 daAuts
     D:1: 116 daAuts
     D:3: 25 daAuts
